 Dungeon Crawl Stone Soup version 0.31-a0-819-gf6de2f5ab6 (webtiles) character file.

Game seed: 861628425495307512

79 qw the Shooter (level 4, -6/30 HPs)
             Began as a Gargoyle Hunter on Sept 23, 2023.
             Mangled by a black bear (8 damage)
             ... on level 3 of the Dungeon.
             The game lasted 00:00:39 (1825 turns).

qw the Shooter (Gargoyle Hunter)                    Turns: 1825, Time: 00:00:39

Health: -6/30      AC:  9    Str: 15    XL:     4   Next: 37%
Magic:  3/3        EV: 11    Int:  9    God:
Gold:   68         SH:  0    Dex: 15    Spells: 3/3 levels left

rFire   . . .        Y - +0 shortbow
rCold   + . .        (shield currently unavailable)
rNeg    + . .        c - +0 leather armour
rPois   inf          (helmet restricted)
rElec   +            (no cloak)
rCorr   .            (no gloves)
SInv    .            d - +2 pair of boots
Will    .....        (no amulet)
Stlth   ++           f - ring of protection from cold
HPRegen 0.25/turn    (no ring)
MPRegen 0.08/turn

%: no passive effects
@: no status effects
A: sickness immunity, AC +3, negative energy resistance 1, electricity
resistance, torment resistance 1, petrification resistance, antennae 1, low MP
1, robust 1
a: no special abilities


You were on level 3 of the Dungeon.
You visited 1 branch of the dungeon, and saw 4 of its levels.

You collected 68 gold pieces.


Innate Abilities, Weirdness & Mutations

You are immune to sickness and miasma.
Your stone body is resilient. (AC +3)
You are immune to poison.
You resist negative energy. (rN+)
You are resistant to electric shocks. (rElec)
You are resistant to unholy torment.
You are immune to petrification.
You have a pair of small antennae on your head.
Your magical capacity is low. (-10% MP)
You are robust. (+10% HP)


   Skills:
 - Level 3.0 Fighting
 + Level 5.3 Ranged Weapons
 - Level 1.5 Dodging
 - Level 1.1 Stealth


You had 3 spell levels left.
You didn't know any spells.
Your spell library was empty.

Inventory:

Hand Weapons
 Y - a +0 shortbow (weapon)
Armour
 c - a +0 leather armour (worn)
 d - a +2 pair of boots (worn)
Jewellery
 f - a ring of protection from cold (left hand)
Scrolls
 b - a scroll of identify
Potions
 a - a potion of resistance
 e - a potion of mutation

Dungeon Overview and Level Annotations

Branches:
Dungeon (4/15)
 Temple: D:4-7

Altars:

Shops:
D:1 !

Annotations:
D:2 1 runed translucent door, Crazy Yiuf


Message History

You shoot an arrow. The arrow hits the black bear.
The black bear is heavily wounded.
The black bear bites you.
The black bear claws you but does no damage.
The black bear closely misses you.
You shoot an arrow. The arrow hits the black bear.
The black bear is severely wounded.
The black bear closely misses you.
The black bear claws you but does no damage.
The black bear misses you.
You shoot an arrow.
The arrow hits the black bear but does no damage.
The black bear is severely wounded.
The black bear bites you but does no damage.
The black bear claws you.
The black bear claws you but does no damage.
You shoot an arrow. The arrow hits the black bear.
The black bear is severely wounded.
The black bear goes berserk!
You shoot an arrow.
The arrow closely misses the black bear.
The black bear barely misses you.
The black bear claws you but does no damage. x2
The black bear bites you but does no damage.
The black bear claws you but does no damage. x2
You shoot an arrow. The arrow hits the black bear.
The black bear is almost dead.
The black bear closely misses you. The black bear barely misses you.
The black bear claws you but does no damage.
The black bear bites you. The black bear barely misses you.
The black bear claws you.
You shoot an arrow.
The arrow closely misses the black bear.
The black bear bites you! The black bear closely misses you.
The black bear barely misses you. The black bear bites you.
The black bear claws you but does no damage. x2
You shoot an arrow. The arrow barely misses the black bear.
The black bear barely misses you. The black bear completely misses you.
The black bear claws you. The black bear bites you!
You die...

#.......
#.######
#.#####. .
#.......
#.#
#######.
..
#.......
#.####
#.####..
#..h.#
#....)..
#####@#
#####.....
#.....#
#........<
#.....#
#.......##
#.....#
#.......#
#.....#
#.......#
#....##
#.......#
###'##
#.......#
###.#
#...###...
#...#
#.### ###.


You could see a black bear (berserk).

Vanquished Creatures
  2 adders
  A worm (D:2)
  2 dart slugs (D:1)
  An orc (D:3)
  4 ball pythons
  7 endoplasms
  5 goblins
  4 hobgoblins
  2 jackals (D:1)
  5 kobolds
  2 quokkas
  5 bats
  4 frilled lizards
  6 rats
50 creatures vanquished.

Notes
Turn   | Place    | Note
-------+----------+-------------------------------------------
     0 | D:1      | qw the Gargoyle Hunter began the quest for the Orb.
     0 | D:1      | Reached XP level 1. HP: 12/12 MP: 1/1
     0 | D:1      | 0 ||| qw: Version: 0.3-a-83-gcd0e7d8
     0 | D:1      | 0 ||| qw: Game counter: 1497
     0 | D:1      | 0 ||| qw: Melee chars always use a shield: true
     0 | D:1      | 0 ||| qw: God list: Okawaru
     0 | D:1      | 0 ||| qw: Allow faded altars: false
     0 | D:1      | 0 ||| qw: Do Orc after clearing Dungeon:15 true
     0 | D:1      | 0 ||| qw: Do second Lair branch before Depths: true
     0 | D:1      | 0 ||| qw: Lair rune preference: random
     0 | D:1      | 0 ||| qw: Goals: Normal
     0 | D:1      | 0 ||| PLANNING D:1-11
    30 | D:1      | Found Lajoec's Distillery.
    38 | D:1      | 38 ||| SHOPLISTING potion of cancellation (112 gold, have
                  | 4).
    38 | D:1      | 38 ||| SHOPLISTING potion of curing (42 gold, have 4).
    38 | D:1      | 38 ||| SHOPLISTING potion of heal wounds (70 gold, have 4).
    38 | D:1      | 38 ||| SHOPLISTING potion of mutation (112 gold, have 4).
   140 | D:1      | Reached XP level 2. HP: 17/17 MP: 2/2
   476 | D:1      | Reached XP level 3. HP: 21/21 MP: 3/3
   488 | D:1      | Reached skill level 5 in Ranged Weapons
   707 | D:1      | 707 ||| READING scroll labelled DURA AHAQIP.
   708 | D:1      | 708 ||| DRINKING 2 metallic red potions.
   708 | D:1      | Gained mutation: Your magical capacity is low. (-10% MP)
                  | [potion of mutation]
   708 | D:1      | Gained mutation: You are robust. (+10% HP) [potion of
                  | mutation]
   708 | D:1      | Gained mutation: You have a pair of small antennae on your
                  | head. [potion of mutation]
   717 | D:1      | 717 ||| DROPPING scroll of butterflies.
   940 | D:2      | Reached skill level 3 in Fighting
   999 | D:2      | You fall into a shaft and drop 2 floors!
  1000 | D:4      | 1000 ||| UPGRADING to +2 pair of boots.
  1005 | D:4      | 1005 ||| UPGRADING to ring of protection from cold.
  1006 | D:4      | 1006 ||| READING scroll labelled EJOWAI LAENODGH.
  1007 | D:4      | 1007 ||| READING 3 scrolls labelled EGOUD VILU.
  1013 | D:4      | 1013 ||| FLEEEEING.
  1014 | D:4      | 1014 ||| FLEEEEING.
  1015 | D:4      | 1015 ||| STAIRDANCE
  1090 | D:3      | Reached XP level 4. HP: 30/30 MP: 3/3
  1177 | D:2      | Found a runed translucent door.
  1178 | D:2      | Noticed Crazy Yiuf
  1602 | D:2      | 1602 ||| READING scroll labelled WAXUONUCSA.
  1672 | D:2      | 1672 ||| READING scroll labelled WETINWURUPP.
  1673 | D:2      | 1673 ||| READING 2 scrolls of identify.
  1673 | D:2      | 1673 ||| IDENTIFYING smoky green potion
  1814 | D:3      | Noticed a black bear
  1824 | D:3      | HP: 7/30 [black bear (3)]
  1825 | D:3      | HP: 2/30 [black bear (5)]
  1825 | D:3      | Mangled by a black bear

Levels and vault maps discovered:
D:1:      wander_arrival_peaceful_grave, layout_basic, serial_shops,
          nicolae_shop_temple_entry_statues_fountains, kennysheep_doodads
D:2:      layout_loops_ring, uniq_crazy_yiuf_cottage
D:3:      layout_basic, gammafunk_ghost_smash, serial_bayou_pond_e
D:4:      layout_rooms, minmay_temple_entry_overgrown, minmay_misc_feat_rows,
          uniq_pikel

Skill      XL: |  1  2  3 |
---------------+----------+-----
Ranged Weapons | 5 |  5.3
Fighting       | 3 |  3.0
Dodging        | |  1.5
Stealth        | |  1.1

Action                     |  1- 3 |  4- 6 || total
---------------------------+-------+-------++-------
   Fire: Shortbow          |   123 |    35 ||   158
    Use: Scroll            |     3 |     3 ||     6
         Potion            |     1 |       ||     1
 Armour: Leather armour    |    39 |    24 ||    63
  Dodge: Dodged            |    30 |    15 ||    45

Table legend:
 A = Non-vault XP
 B = Vault XP
 C = Vault XP percentage of total XP
 D = Non-vault monster count
 E = Vault monster count
 F = Vault count percentage of total count
                 A         B        C        D         E       F
            +---------+---------+-------+---------+---------+-------
      Total |     113 |       0 |   0.0 |      50 |       0 |   0.0
            +---------+---------+-------+---------+---------+-------
        D:1 |      47 |       0 |   0.0 |      24 |       0 |   0.0
        D:2 |      42 |       0 |   0.0 |      18 |       0 |   0.0
        D:3 |      24 |       0 |   0.0 |       8 |       0 |   0.0
            +---------+---------+-------+---------+---------+-------
